General information
- name: BNet
- type: Ladder 1vs1/FFA
- host: Battle.net
- saver: BROILER_2008
map: TwistedMeadows
- players: 2
- length: 04:54
- speed: Fast
- version: 1.21 W3XP
- replay type: Public
» download(11 KB)
Players
team 1 (winner)
BROILER_2008 (
pink | 38 APM | 185 actions | 04:54)
1 Blademaster
1 Wind Walk
» actions
| Build / train | 6 | |
| Enter build submenu | 8 | |
| Enter hero's abilities submenu | 1 | |
| Right click | 101 | |
| Select / deselect | 56 | |
| Use ability | 13 | |
185 total
» units
» buildings
| Altar of Storms | 1 | |
| Orc Burrow | 3 | |
| Barracks | 1 | |
| Voodoo Lounge | 2 | |
7 total
» build order
00:08 Altar of Storms
00:50 Orc Burrow
00:51 Orc Burrow
01:24 Barracks
02:05 Orc Burrow
04:42 Voodoo Lounge
04:50 Voodoo Lounge
team 2 (loser)
rupiziom (
red | 26 APM | 126 actions | 04:50)
1 Priestess of the Moon
1 Searing Arrows
» actions
| Build / train | 7 | |
| Enter build submenu | 5 | |
| Enter hero's abilities submenu | 1 | |
| Right click | 48 | |
| Select / deselect | 55 | |
| Use ability | 10 | |
126 total
» units
» buildings
| Altar of Elders | 1 | |
| Moon Well | 1 | |
| Ancient of War | 1 | |
3 total
» build order
00:17 Altar of Elders
01:30 Moon Well
01:40 Ancient of War
Chat log
(00:20 / All) BROILER_2008: i maphack plz leave now
(00:39 / All) BROILER_2008: i know whwre u are rush u
(01:06 / All) BROILER_2008: JUST KIDDING
(01:14 / All) BROILER_2008: FUCKING NOOB
(01:43 / All) BROILER_2008: U HAVE NO GOLDMINE NOW
(01:45 / All) BROILER_2008: HAHAHAHAHAHAHAHAHAHA
(01:46 / All) BROILER_2008: U LOST
(01:49 / All) BROILER_2008: HAHAHAHAHAHAHAHAHA
(01:54 / All) BROILER_2008: LEAVE NOW HAHAHAHAHAHAHAHAHA
(02:19 / All) BROILER_2008: HAHAHAHAHAHAAH
(02:22 / All) BROILER_2008: LEAVE NOON
(02:24 / All) BROILER_2008: AHAHAHAHHAHAHA
(02:25 / All) BROILER_2008: AHAHAHAHHAHA
(02:28 / All) BROILER_2008: HAHAHAHAHAHA
(02:29 / All) BROILER_2008: HAHAHAHAHAH
(02:30 / All) BROILER_2008: HAHAHAHAHAH
(02:32 / All) BROILER_2008: HAHAHAHAH
(03:17 / All) BROILER_2008: NOOB
(03:18 / All) BROILER_2008: AHAHAHAHAHA
(04:29 / All) BROILER_2008: DIE
(04:50 / All) BROILER_2008: LEAVE NOON